| TOP OF THE 1ST |
|
Los Angeles Dodgers batting - Pitching for San Francisco Giants : LHP Chong-yeol Wong
|
|
Pitching: LHP Chong-yeol Wong
|
|
|
Batting: RHB Tim Nettles
|
0-0: Ball 1-0: Ball 2-0: Ball 3-0: Called Strike 3-1: Foul Ball, location: 2F 3-2: Strikes out swinging
|
|
Batting: SHB Shane Marcum
|
0-0: SINGLE (Line Drive, 7LS, EV 99.4 MPH)
|
|
Batting: LHB Lirak Bazhunaishvili
|
0-0: Ball 1-0: Fly out, F3 (Popup, 3, EV 79.4 MPH)
|
|
Batting: RHB Clay Buchanan
|
0-0: Ball 1-0: Foul Ball, location: 2F 1-1: Fly out, F4 (Line Drive, 4M, EV 65.0 MPH)
|
| Top of the 1st over - 0 runs, 1 hit, 0 errors, 1 left on base; Los Angeles 0 - San Francisco 0 |
| BOTTOM OF THE 1ST |
|
San Francisco Giants batting - Pitching for Los Angeles Dodgers : RHP Gyu-hyun Kim
|
|
Pitching: RHP Gyu-hyun Kim
|
|
|
Batting: SHB Ryan Doss
|
0-0: Ball 1-0: Called Strike 1-1: Ball 2-1: Foul Ball, location: 2F 2-2: Strikes out swinging
|
|
Batting: RHB Lucan Esini
|
0-0: Fly out, F8 (Flyball, 8LS, EV 76.9 MPH)
|
|
Batting: LHB Jack Henningar
|
0-0: Foul Ball, location: 2F 0-1: Ball 1-1: Ball 2-1: Ball 3-1: Fly out, F9 (Flyball, 9S, EV 79.4 MPH)
|
| Bottom of the 1st over - 0 runs, 0 hits, 0 errors, 0 left on base; Los Angeles 0 - San Francisco 0 |
| TOP OF THE 2ND |
|
Los Angeles Dodgers batting - Pitching for San Francisco Giants : LHP Chong-yeol Wong
|
|
Batting: RHB Danny Dyer
|
0-0: Ball 1-0: Called Strike 1-1: Foul Ball, location: 2F 1-2: Foul Ball, location: 2F 1-2: Strikes out swinging
|
|
Batting: RHB John Piccolo
|
0-0: Ball 1-0: Ball 2-0: SOLO HOME RUN (Flyball, 78XD, EV 98.8 MPH), Distance : 414 ft
|
|
Batting: RHB Leonardo Nava
|
0-0: Ball 1-0: Foul Ball, location: 2F 1-1: Foul Ball, location: 2F 1-2: SINGLE (Groundball, 34D, EV 108.8 MPH)
|
|
Batting: RHB Wing-kit Bu
|
0-0: Reached on error, E4 (Groundball, 4S, EV 69.4 MPH) Leonardo Nava to third
|
|
Batting: SHB Benjamin Brown
|
0-0: Ground out 3-1 (Groundball, 34, EV 105.0 MPH) Leonardo Nava scores Wing-kit Bu to third
|
|
Batting: RHB Tim Nettles
|
0-0: Ball 1-0: Swinging Strike 1-1: Called Strike 1-2: Ball 2-2: Foul Ball, location: 2F 2-2: Ball 3-2: Strikes out swinging
|
| Top of the 2nd over - 2 runs, 2 hits, 1 error, 1 left on base; Los Angeles 2 - San Francisco 0 |
| BOTTOM OF THE 2ND |
|
San Francisco Giants batting - Pitching for Los Angeles Dodgers : RHP Gyu-hyun Kim
|
|
Batting: LHB Carey Horncole
|
0-0: Foul Ball, location: 2F 0-1: Swinging Strike 0-2: Ball 1-2: Foul Ball, location: 2F 1-2: Foul Ball, location: 2F 1-2: Fly out, F8 (Flyball, 8LM, EV 93.8 MPH)
|
|
Batting: LHB Tom Best
|
0-0: SINGLE (Line Drive, 4M, EV 96.2 MPH)
|
|
Batting: LHB Luis Magdaleno
|
0-0: Ball 1-0: Called Strike 1-1: Ball 2-1: Fielders Choice at 2nd, 5-4 (Groundball, 56, EV 82.5 MPH)
|
|
Batting: RHB Nate Hodson
|
0-0: Ball 1-0: Ball 2-0: SINGLE (Groundball, 15S, EV 73.8 MPH) (infield hit) Luis Magdaleno to second
|
|
Batting: RHB Ruben Garza
|
0-0: Foul Ball, location: 2F 0-1: Called Strike 0-2: Foul Ball, location: 2F 0-2: Strikes out swinging
|
| Bottom of the 2nd over - 0 runs, 2 hits, 0 errors, 2 left on base; Los Angeles 2 - San Francisco 0 |
| TOP OF THE 3RD |
|
Los Angeles Dodgers batting - Pitching for San Francisco Giants : LHP Chong-yeol Wong
|
|
Batting: SHB Shane Marcum
|
0-0: Called Strike 0-1: Called Strike 0-2: Strikes out looking
|
|
Batting: LHB Lirak Bazhunaishvili
|
0-0: Ball 1-0: Called Strike 1-1: Foul Ball, location: 2F 1-2: Strikes out looking
|
|
Batting: RHB Clay Buchanan
|
0-0: Ball 1-0: Swinging Strike 1-1: Fly out, F7 (Flyball, 78M, EV 91.9 MPH)
|
| Top of the 3rd over - 0 runs, 0 hits, 0 errors, 0 left on base; Los Angeles 2 - San Francisco 0 |
| BOTTOM OF THE 3RD |
|
San Francisco Giants batting - Pitching for Los Angeles Dodgers : RHP Gyu-hyun Kim
|
|
Batting: RHB C.J. Sagle
|
0-0: Called Strike 0-1: Ball 1-1: Called Strike 1-2: Strikes out swinging
|
|
Batting: SHB Ryan Doss
|
0-0: Called Strike 0-1: Ball 1-1: Ball 2-1: Swinging Strike 2-2: Foul Ball, location: 2F 2-2: Foul Ball, location: 2F 2-2: Foul Ball, location: 2F 2-2: Strikes out swinging
|
|
Batting: RHB Lucan Esini
|
0-0: Ground out 6-3 (Groundball, 6, EV 88.8 MPH)
|
| Bottom of the 3rd over - 0 runs, 0 hits, 0 errors, 0 left on base; Los Angeles 2 - San Francisco 0 |
| TOP OF THE 4TH |
|
Los Angeles Dodgers batting - Pitching for San Francisco Giants : LHP Chong-yeol Wong
|
|
Batting: RHB Danny Dyer
|
0-0: Ball 1-0: Ground out 1-3 (Groundball, 15S, EV 67.5 MPH)
|
|
Batting: RHB John Piccolo
|
0-0: Ground out U3 (Groundball, 34, EV 96.2 MPH)
|
|
Batting: RHB Leonardo Nava
|
0-0: Fly out, F7 (Flyball, 7, EV 85.6 MPH)
|
| Top of the 4th over - 0 runs, 0 hits, 0 errors, 0 left on base; Los Angeles 2 - San Francisco 0 |
| BOTTOM OF THE 4TH |
|
San Francisco Giants batting - Pitching for Los Angeles Dodgers : RHP Gyu-hyun Kim
|
|
Batting: LHB Jack Henningar
|
0-0: Ball 1-0: Ball 2-0: Ball 3-0: Called Strike 3-1: Base on Balls
|
|
Batting: LHB Carey Horncole
|
0-0: Ball 1-0: Called Strike 1-1: Ball 2-1: Ball 3-1: Base on Balls Jack Henningar to second
|
|
Batting: LHB Tom Best
|
0-0: Ball 1-0: Ball 2-0: Fly out, F8 (Flyball, 8LD, EV 101.2 MPH)
|
|
Batting: LHB Luis Magdaleno
|
0-0: DOUBLE (Flyball, 8LXD, EV 111.9 MPH) Jack Henningar scores Carey Horncole to third
|
|
Batting: RHB Nate Hodson
|
0-0: Called Strike 0-1: Ball 1-1: Ground out 5-3 (Groundball, 56S, EV 88.8 MPH) Carey Horncole scores
|
|
Batting: RHB Ruben Garza
|
0-0: Ball 1-0: Ball 2-0: Called Strike 2-1: Called Strike 2-2: Ball 3-2: Foul Ball, location: 2F 3-2: Base on Balls
|
|
Batting: RHB C.J. Sagle
|
0-0: Ball 1-0: Called Strike 1-1: Called Strike 1-2: SINGLE (Line Drive, 56D, EV 99.4 MPH) Luis Magdaleno to third Ruben Garza to second Runner from 3rd tries for Home, SAFE, throw by LF to home
|
|
Batting: SHB Ryan Doss
|
0-0: Ball 1-0: Called Strike 1-1: Called Strike 1-2: Fielders Choice at 2nd, 5-4 (Groundball, 56, EV 87.5 MPH)
|
| Bottom of the 4th over - 3 runs, 2 hits, 0 errors, 2 left on base; Los Angeles 2 - San Francisco 3 |
| TOP OF THE 5TH |
|
Los Angeles Dodgers batting - Pitching for San Francisco Giants : LHP Chong-yeol Wong
|
|
Batting: RHB Wing-kit Bu
|
0-0: Foul Ball, location: 2F 0-1: Ball 1-1: Called Strike 1-2: Ball 2-2: Foul Ball, location: 2F 2-2: Foul Ball, location: 2F 2-2: DOUBLE (Groundball, 3L, EV 103.8 MPH)
|
|
Batting: SHB Benjamin Brown
|
0-0: Ground out 3-1 (Groundball, 3L, EV 103.1 MPH) Wing-kit Bu to third
|
|
Batting: RHB Tim Nettles
|
0-0: Called Strike 0-1: Ball 1-1: Called Strike 1-2: Strikes out swinging
|
|
Batting: SHB Shane Marcum
|
0-0: Ball 1-0: Ball 2-0: Foul Ball, location: 2F 2-1: Foul Ball, location: 2F 2-2: Ball 3-2: Ground out 1-3 (Groundball, 34S, EV 76.2 MPH)
|
| Top of the 5th over - 0 runs, 1 hit, 0 errors, 1 left on base; Los Angeles 2 - San Francisco 3 |
| BOTTOM OF THE 5TH |
|
San Francisco Giants batting - Pitching for Los Angeles Dodgers : RHP Gyu-hyun Kim
|
|
Batting: RHB Lucan Esini
|
0-0: Ball 1-0: Fly out, F6 (Line Drive, 6, EV 73.8 MPH)
|
|
Batting: LHB Jack Henningar
|
0-0: Ball 1-0: Ball 2-0: Foul Ball, location: 2F 2-1: Ball 3-1: Swinging Strike 3-2: Foul Ball, location: 2F 3-2: Ground out U3 (Groundball, 34S, EV 85.0 MPH)
|
|
Batting: LHB Carey Horncole
|
0-0: SINGLE (Line Drive, 8LS, EV 107.5 MPH)
|
|
Batting: LHB Tom Best
|
0-0: Called Strike 0-1: Ball 1-1: Ball 2-1: Ground out 4-3 (Groundball, 4D, EV 106.2 MPH)
|
| Bottom of the 5th over - 0 runs, 1 hit, 0 errors, 1 left on base; Los Angeles 2 - San Francisco 3 |
| TOP OF THE 6TH |
|
Los Angeles Dodgers batting - Pitching for San Francisco Giants : LHP Chong-yeol Wong
|
|
Batting: LHB Lirak Bazhunaishvili
|
0-0: Ball 1-0: Ball 2-0: Called Strike 2-1: Foul Ball, location: 2F 2-2: Foul Ball, location: 2F 2-2: Strikes out swinging
|
|
Batting: RHB Clay Buchanan
|
0-0: Ball 1-0: Foul Ball, location: 2F 1-1: Swinging Strike 1-2: Ball 2-2: Fly out, F4 (Popup, 34S, EV 85.0 MPH)
|
|
Batting: RHB Danny Dyer
|
0-0: Foul Ball, location: 2F 0-1: Ball 1-1: Ground out 4-3 (Groundball, 4M, EV 82.5 MPH)
|
| Top of the 6th over - 0 runs, 0 hits, 0 errors, 0 left on base; Los Angeles 2 - San Francisco 3 |
| BOTTOM OF THE 6TH |
|
San Francisco Giants batting - Pitching for Los Angeles Dodgers : RHP Gyu-hyun Kim
|
|
Batting: LHB Luis Magdaleno
|
0-0: Ball 1-0: Ball 2-0: Called Strike 2-1: Swinging Strike 2-2: Foul Ball, location: 2F 2-2: Ball 3-2: Strikes out swinging
|
|
Pitching: RHP Chris Geraci
|
|
|
Batting: RHB Nate Hodson
|
0-0: Ball 1-0: Ball 2-0: Ball 3-0: Called Strike 3-1: Ground out 6-3 (Groundball, 6, EV 78.8 MPH)
|
|
Batting: RHB Ruben Garza
|
0-0: Called Strike 0-1: SINGLE (Line Drive, 4D, EV 99.4 MPH)
|
|
Batting: RHB C.J. Sagle
|
0-0: Called Strike 0-1: Ball Ruben Garza is caught stealing 2nd base 2-4
|
| Bottom of the 6th over - 0 runs, 1 hit, 0 errors, 0 left on base; Los Angeles 2 - San Francisco 3 |
| TOP OF THE 7TH |
|
Los Angeles Dodgers batting - Pitching for San Francisco Giants : LHP Chong-yeol Wong
|
|
Batting: RHB John Piccolo
|
0-0: Ground out U3 (Groundball, 34, EV 77.5 MPH)
|
|
Batting: RHB Leonardo Nava
|
0-0: Called Strike 0-1: Ball 1-1: Ball 2-1: Fly out, F8 (Line Drive, 78M, EV 96.2 MPH)
|
|
Batting: RHB Wing-kit Bu
|
0-0: Called Strike 0-1: Ball 1-1: Foul Ball, location: 2F 1-2: Foul Ball, location: 2F 1-2: Foul Ball, location: 2F 1-2: Ball 2-2: Strikes out swinging
|
| Top of the 7th over - 0 runs, 0 hits, 0 errors, 0 left on base; Los Angeles 2 - San Francisco 3 |
| BOTTOM OF THE 7TH |
|
San Francisco Giants batting - Pitching for Los Angeles Dodgers : RHP Chris Geraci
|
|
Batting: RHB C.J. Sagle
|
0-0: Ground out 6-3 (Groundball, 56, EV 103.1 MPH)
|
|
Batting: SHB Ryan Doss
|
0-0: Called Strike 0-1: Ball 1-1: Foul Ball, location: 2F 1-2: Ground out U3 (Groundball, 23, EV 78.1 MPH)
|
|
Batting: RHB Lucan Esini
|
0-0: Ball 1-0: Ground out 3-1 (Groundball, 34, EV 99.4 MPH)
|
| Bottom of the 7th over - 0 runs, 0 hits, 0 errors, 0 left on base; Los Angeles 2 - San Francisco 3 |
| TOP OF THE 8TH |
|
Los Angeles Dodgers batting - Pitching for San Francisco Giants : LHP Chong-yeol Wong
|
|
Batting: SHB Benjamin Brown
|
0-0: Called Strike 0-1: Ball 1-1: Ball 2-1: Ball 3-1: Swinging Strike 3-2: Ground out 6-3 (Groundball, 6, EV 86.9 MPH)
|
|
Batting: RHB Tim Nettles
|
0-0: Called Strike 0-1: Ball 1-1: Ball 2-1: Ball 3-1: Swinging Strike 3-2: Foul Ball, location: 2F 3-2: Strikes out swinging
|
|
Batting: SHB Shane Marcum
|
0-0: Ball 1-0: Ball 2-0: Ball 3-0: Base on Balls
|
|
Pitching: LHP Caleb Mullinax
|
|
|
Batting: LHB Lirak Bazhunaishvili
|
0-0: Ball 1-0: Foul Ball, location: 2F 1-1: Ball 2-1: Foul Ball, location: 2F 2-2: Ball 3-2: Foul Ball, location: 2F 3-2: SINGLE (Groundball, 34D, EV 101.9 MPH) Shane Marcum to second Shane Marcum to third
|
|
Batting: RHB Clay Buchanan
|
0-0: Ball 1-0: Ball 2-0: Called Strike 2-1: Swinging Strike 2-2: Ball 3-2: Strikes out swinging
|
| Top of the 8th over - 0 runs, 1 hit, 0 errors, 2 left on base; Los Angeles 2 - San Francisco 3 |
| BOTTOM OF THE 8TH |
|
San Francisco Giants batting - Pitching for Los Angeles Dodgers : RHP Chris Geraci
|
|
Batting: LHB Jack Henningar
|
0-0: Ball 1-0: SOLO HOME RUN (Line Drive, 9LD, EV 110.0 MPH), Distance : 417 ft
|
|
Batting: LHB Carey Horncole
|
0-0: Ball 1-0: Called Strike 1-1: TRIPLE (Line Drive, 89XD, EV 98.8 MPH)
|
|
Batting: LHB Tom Best
|
0-0: Called Strike 0-1: Foul Ball, location: 2F 0-2: Strikes out looking
|
|
Batting: LHB Luis Magdaleno
|
0-0: Intentional Walk
|
|
Pitching: LHP Gavin White
|
|
|
Batting: RHB Nate Hodson
|
0-0: Hit by Pitch Luis Magdaleno to second
|
|
Batting: RHB Ruben Garza
|
0-0: Ball 1-0: Ball 2-0: Called Strike 2-1: Ball Balk! Carey Horncole scores Luis Magdaleno to third Nate Hodson to second 3-1: Intentional Walk
|
|
Batting: RHB C.J. Sagle
|
0-0: Ball 1-0: Called Strike 1-1: Ball 2-1: Foul Ball, location: 2F 2-2: Ball 3-2: Reached on error, E6 (Groundball, 6, EV 82.5 MPH) Luis Magdaleno scores Nate Hodson to third Ruben Garza to second
|
|
Batting: SHB Ryan Doss
|
0-0: Ball 1-0: Fly out, F8 (Flyball, 78D, EV 99.4 MPH) Runner from 3rd tags up, SCORES, throw by CF Ruben Garza to third
|
|
Batting: RHB Lucan Esini
|
0-0: Ball 1-0: Foul Ball, location: 2F 1-1: Called Strike 1-2: Strikes out looking
|
| Bottom of the 8th over - 4 runs, 2 hits, 1 error, 2 left on base; Los Angeles 2 - San Francisco 7 |
| TOP OF THE 9TH |
|
Los Angeles Dodgers batting - Pitching for San Francisco Giants : LHP Caleb Mullinax
|
|
Batting: RHB Danny Dyer
|
0-0: Fly out, F7 (Flyball, 7LSF, EV 82.5 MPH)
|
|
Batting: RHB John Piccolo
|
0-0: Called Strike 0-1: Ball 1-1: Foul Ball, location: 2F 1-2: Ball 2-2: Ball 3-2: Fly out, F8 (Flyball, 8LXD, EV 108.8 MPH)
|
|
Batting: RHB Leonardo Nava
|
0-0: Called Strike 0-1: Ball 1-1: Ball 2-1: Foul Ball, location: 2F 2-2: Foul Ball, location: 2F 2-2: Strikes out swinging
|
| Top of the 9th over - 0 runs, 0 hits, 0 errors, 0 left on base; Los Angeles 2 - San Francisco 7 |
|